[Event "ICCopen2017"]
[Site "Internet Chess Club"]
[Date "2017.03.26"]
[Round "5"]
[White "blackending"]
[Black "Cramagica"]
[Result "1-0"]
[ICCResult "Black forfeits on time"]
[WhiteElo "1545"]
[BlackElo "1093"]
[Opening "Sicilian: Najdorf, Opocensky variation"]
[ECO "B92"]
[NIC "SI.10"]
[Time "19:52:12"]
[TimeControl "180+0"]

1. e4 c5 2. Nf3 d6 3. d4 cxd4 4. Nxd4 Nf6 5. Nc3 a6 6. Be2 e5 7. Nb3 Be6 8.
Be3 b5 9. Bd3 Be7 10. O-O Nc6 11. Kh1 O-O 12. f4 Kh8 13. f5 Bc4 14. Qf3 Bxd3
15. cxd3 Rg8 16. Rad1 Rc8 17. d4 exd4 18. Nxd4 Ne5 19. Qh3 Nc4 20. Bc1 g6
21. b3 Ne5 22. Nce2 gxf5 23. Nxf5 Nxe4 24. Nxe7 Qxe7 25. Qf5 Nc5 26. Nf4
Ncd7 27. Nd5 Qe6 28. Qxe6 fxe6 29. Ne7 Rc2 30. Nxg8 Kxg8 31. Rxd6
{Black forfeits on time}
1-0

[Event "ICCopen2017"]
[Site "Internet Chess Club"]
[Date "2017.03.26"]
[Round "5"]
[White "Seraphim"]
[Black "soyleyenda"]
[Result "1-0"]
[ICCResult "Black checkmated"]
[WhiteElo "1872"]
[BlackElo "1622"]
[Opening "Sicilian: Nimzovich-Rossolimo attack (with ...g6, without ...d6)"]
[ECO "B31"]
[NIC "SI.31"]
[Time "19:52:05"]
[TimeControl "180+0"]

1. e4 c5 2. Nf3 Nc6 3. Bb5 g6 4. O-O Bg7 5. c3 Nf6 6. Re1 O-O 7. d4 cxd4 8.
cxd4 Qa5 9. Nc3 d6 10. Bd2 Qb6 11. d5 Nd4 12. Be3 Nxf3+ 13. Qxf3 Qa5 14. a3
Bg4 15. Qg3 Rac8 16. b4 Qd8 17. Rac1 a6 18. Bd3 Qd7 19. h3 Bh5 20. Ne2 Bxe2
21. Rxe2 Rxc1+ 22. Bxc1 Rc8 23. Bd2 Qa4 24. e5 dxe5 25. Qxe5 Qxa3 26. Qxe7
Qxd3 27. Bg5 Nxd5 28. Qe8+ Rxe8 29. Rxe8+ Bf8 30. Bh6 f5 31. Rxf8#
{Black checkmated}
1-0

[Event "ICCopen2017"]
[Site "Internet Chess Club"]
[Date "2017.03.26"]
[Round "5"]
[White "Djukanyc"]
[Black "schiele"]
[Result "0-1"]
[ICCResult "White resigns"]
[WhiteElo "1840"]
[BlackElo "1861"]
[Opening "Pirc: Byrne variation"]
[ECO "B07"]
[NIC "PU.09"]
[Time "19:53:11"]
[TimeControl "180+0"]

1. e4 d6 2. d4 Nf6 3. Nc3 g6 4. Bg5 Bg7 5. Qd2 h6 6. Bh4 g5 7. Bg3 Nh5 8.
O-O-O Nc6 9. Bb5 Bd7 10. d5 Ne5 11. Bxd7+ Qxd7 12. f3 Nxg3 13. hxg3 Nc4 14.
Qd3 b5 15. Nge2 Nxb2 16. Kxb2 b4 17. Kc1 bxc3 18. Nxc3 Rb8 19. Qc4 O-O 20.
Rd3 Rb6 21. Kd2 Rfb8 22. g4 Rb4 23. Qc6 Qxc6 24. dxc6 e6 25. Ne2 Rc4 26. Rb3
Rxb3 27. axb3 Rxc6 28. Ra1 Bxa1 {White resigns} 0-1

[Event "ICCopen2017"]
[Site "Internet Chess Club"]
[Date "2017.03.26"]
[Round "5"]
[White "DrJon"]
[Black "fletcherdavid"]
[Result "0-1"]
[ICCResult "White forfeits on time"]
[WhiteElo "1335"]
[BlackElo "1869"]
[Opening "Queen's pawn game"]
[ECO "D02"]
[NIC "QP.08"]
[Time "19:53:10"]
[TimeControl "180+0"]

1. d4 d5 2. Nf3 e6 3. Bf4 Bd6 4. Bg3 f5 5. e3 Nf6 6. Bd3 O-O 7. O-O Ne4 8.
Bxd6 cxd6 9. Nbd2 b6 10. c4 Nd7 11. cxd5 exd5 12. Qb3 Bb7 13. Rac1 Ndf6 14.
Bxe4 Nxe4 15. Nxe4 fxe4 16. Nd2 Qg5 17. Nxe4 Qg6 18. Nxd6 Qxd6
{White forfeits on time}
0-1

[Event "ICCopen2017"]
[Site "Internet Chess Club"]
[Date "2017.03.26"]
[Round "5"]
[White "yozhik"]
[Black "BrentMusburger"]
[Result "1-0"]
[ICCResult "Black forfeits on time"]
[WhiteElo "2713"]
[BlackElo "2346"]
[Opening "Réti: King's Indian attack, Yugoslav variation"]
[ECO "A07"]
[NIC "QP.09"]
[Time "19:51:53"]
[TimeControl "180+0"]

1. Nf3 d5 2. g3 c6 3. Bg2 Nf6 4. O-O Bg4 5. d3 Nbd7 6. c4 e6 7. Nc3 Be7 8.
cxd5 exd5 9. Qc2 O-O 10. e4 dxe4 11. dxe4 Bd6 12. Rd1 Qc7 13. h3 Bxf3 14.
Bxf3 Rfe8 15. Bg2 Rad8 16. f4 Bc5+ 17. Kh2 Re7 18. e5 Ne8 19. Ne4 Bb6 20. b3
Nf8 21. Ba3 c5 22. Rxd8 Qxd8 23. Rd1 Rd7 24. Rxd7 Nxd7 25. Qd3 Qe7 26. Qd5
Qe6 27. Qxb7 h5 28. Ng5 Qe7 29. Bc6 Nef6 30. exf6 Qe2+ 31. Bg2 h4 32. Qxd7
hxg3+ 33. Kxg3 Qe3+ 34. Nf3 c4 35. h4 c3 36. Qc8+ Kh7 37. fxg7 Kxg7 38. Qf8+
Kh7 39. Qxf7+ Kh8 40. Qh5+ Kg7 41. Qe5+ Qxe5 42. fxe5 c2 43. Bc1 a5 44. Ne1
a4 45. Nxc2 axb3 46. axb3 Bc7 47. Bb2 Kg6 48. Kf3 Kh5 49. Ke4 Kg4 50. e6 Kg3
51. e7 Kxg2 52. e8=Q Kf2 53. h5 Ke2 54. h6 Kd2 55. h7 Kxc2 56. h8=Q Bf4 57.
Kxf4 Kb1 58. Bf6 Ka2 59. Qa8+ Kxb3 60. Qhb8+ Kc4 61. Qc7+ Kd3 62. Qd5+ Ke2
63. Qce5+ {Black forfeits on time} 1-0

[Event "ICCopen2017"]
[Site "Internet Chess Club"]
[Date "2017.03.26"]
[Round "5"]
[White "Brothersinarms"]
[Black "Bonao"]
[Result "1-0"]
[ICCResult "Black forfeits on time"]
[WhiteElo "1871"]
[BlackElo "2039"]
[Opening "French: Rubinstein variation"]
[ECO "C03"]
[NIC "FR.07"]
[Time "19:52:17"]
[TimeControl "180+0"]

1. e4 e6 2. d4 d5 3. Nd2 dxe4 4. Nxe4 Nd7 5. Nf3 Ngf6 6. Neg5 h6 7. Nxf7
Kxf7 8. Bd3 Bd6 9. Qe2 Re8 10. Bd2 Kg8 11. O-O-O c6 12. h3 Qc7 13. g4 e5 14.
g5 exd4 15. Qf1 hxg5 16. Nxg5 Ne5 17. Rg1 b5 18. f4 Nf7 19. Nxf7 Qxf7 20.
Bg6 Qf8 21. Qf2 Be6 22. Qh4 Bf7 23. Bd3 Ne4 24. Rde1 Bd5 25. Ref1 Qf6 26.
Qh5 Re7 27. Rg6 Qf7 28. Rfg1 Nf6 29. Qg5 Ne8 30. h4 Kh8 31. h5 Rd8 32. h6
{Black forfeits on time}
1-0

[Event "ICCopen2017"]
[Site "Internet Chess Club"]
[Date "2017.03.26"]
[Round "5"]
[White "Shafkat"]
[Black "tirandopiezas"]
[Result "0-1"]
[ICCResult "White resigns"]
[WhiteElo "1654"]
[BlackElo "2025"]
[Opening "Ruy Lopez: Wormald (Alapin) attack"]
[ECO "C77"]
[NIC "RL.12"]
[Time "19:51:54"]
[TimeControl "180+0"]

1. e4 e5 2. Nf3 Nc6 3. Bb5 a6 4. Ba4 Nf6 5. Qe2 d6 6. h3 Bd7 7. Bb3 Na5 8.
c3 Nxb3 9. axb3 Be7 10. d4 exd4 11. cxd4 O-O 12. O-O Re8 13. Re1 h6 14. Nc3
Bf8 15. e5 Bf5 16. Qd1 dxe5 17. Nxe5 Nd5 18. Qf3 Be6 19. Qg3 Kh8 20. Bd2 Nb4
21. Re4 c5 22. Rf4 Nc2 23. Rc1 Nxd4 24. Nxf7+ Bxf7 25. Rxf7 Qd6 26. Qxd6
Bxd6 27. Be3 Nxb3 28. Rd1 Re7 29. Rxe7 Bxe7 30. Nd5 Bf8 31. Nc7 Rc8 32. Ne6
c4 33. Nxf8 Rxf8 34. Rd7 b5 35. Ra7 Rf6 36. Ra8+ Kh7 37. Bc5 Nxc5 38. Rc8
Na4 39. Ra8 Nxb2 40. Rc8 Nd3 41. Ra8 Nxf2 42. g4 Nxh3+ 43. Kg2 Ng5 44. Ra7
Rc6 {White resigns} 0-1

[Event "ICCopen2017"]
[Site "Internet Chess Club"]
[Date "2017.03.26"]
[Round "5"]
[White "GnowReopard"]
[Black "Buscapina"]
[Result "1-0"]
[ICCResult "Black resigns"]
[WhiteElo "2617"]
[BlackElo "2195"]
[Opening "French: Winawer, Alekhine (Maróczy) gambit"]
[ECO "C15"]
[NIC "FR.08"]
[Time "19:52:42"]
[TimeControl "180+0"]

1. e4 e6 2. d4 d5 3. Nc3 Bb4 4. Ne2 dxe4 5. a3 Be7 6. Nxe4 Nf6 7. Nxf6+ Bxf6
8. Be3 O-O 9. Qd2 c5 10. O-O-O cxd4 11. Nxd4 a6 12. Be2 Qc7 13. Kb1 Bd7 14.
Bf3 Nc6 15. Nb3 Rfd8 16. Bc5 Qe5 17. c3 Be8 18. Qe3 Qxe3 19. Bxe3 Rab8 20.
Bb6 Rxd1+ 21. Rxd1 Ne5 22. Be4 Bc6 23. Bxc6 bxc6 24. Bc7 Rc8 25. Bxe5 Bxe5
26. h3 Rb8 27. Nc5 Bxc3 28. b4 a5 29. Kc2 axb4 30. axb4 Bxb4 31. Na6 Ra8 32.
Nxb4 g6 33. Nxc6 Ra2+ 34. Kd3 Rxf2 35. Rd2 Rf5 36. Ne7+ Kg7 37. Nxf5+ gxf5
38. Ke3 Kf6 39. Rd7 h5 40. h4 Kg6 41. Kf4 Kf6 42. Ra7 e5+ 43. Kf3 Kg6 44.
Ra6+ f6 45. Ra8 Kf7 46. Rh8 Kg6 47. g3 Kf7 48. Rxh5 Kg6 49. Rh8 Kg7 50. Ra8
{Black resigns}
1-0

[Event "ICCopen2017"]
[Site "Internet Chess Club"]
[Date "2017.03.26"]
[Round "5"]
[White "zandoli"]
[Black "lmenezes"]
[Result "1-0"]
[ICCResult "Black checkmated"]
[WhiteElo "1906"]
[BlackElo "1628"]
[Opening "Mieses opening"]
[ECO "A00"]
[NIC "VO.13"]
[Time "19:53:16"]
[TimeControl "180+0"]

1. d3 d5 2. g3 Nf6 3. Bg2 Bf5 4. Nf3 e6 5. O-O Be7 6. Nbd2 O-O 7. b3 c5 8.
Bb2 Nc6 9. Re1 Qc7 10. e4 dxe4 11. dxe4 Bg4 12. c3 Rfd8 13. Qc2 Nd7 14. h3
Bh5 15. Rad1 Nde5 16. g4 Bg6 17. Nxe5 Nxe5 18. Nf3 Nxf3+ 19. Bxf3 Qf4 20.
Bg2 Bd6 21. c4 Qh2+ 22. Kf1 Bf4 23. Rxd8+ Rxd8 24. Rd1 Rxd1+ 25. Qxd1 h5 26.
gxh5 Bxh5 27. Qxh5 Bh6 28. Qxc5 Qf4 29. Qe3 Qd6 30. e5 Qa6 31. Qd3 Qxa2 32.
Qd8+ Kh7 33. Qd3+ Kg8 34. Bd4 Qa3 35. Be4 Qc1+ 36. Ke2 Qf4 37. Be3 Qh4 38.
Qd7 Qh5+ 39. f3 Qxh3 40. Qe8# {Black checkmated} 1-0

[Event "ICCopen2017"]
[Site "Internet Chess Club"]
[Date "2017.03.26"]
[Round "5"]
[White "Voltage"]
[Black "DGurevich"]
[Result "0-1"]
[ICCResult "White resigns"]
[WhiteElo "2452"]
[BlackElo "2557"]
[Opening "QGD: Charousek (Petrosian) variation"]
[ECO "D31"]
[NIC "QP.08"]
[Time "19:52:57"]
[TimeControl "180+0"]

1. d4 d5 2. c4 e6 3. Nc3 Be7 4. Nf3 Nf6 5. cxd5 exd5 6. Bg5 O-O 7. e3 c6 8.
Rc1 Bf5 9. Be2 Re8 10. O-O Nbd7 11. Bf4 Nf8 12. h3 Ng6 13. Bh2 Bd6 14. Bxd6
Qxd6 15. Na4 Ne4 16. Nc5 Nxc5 17. Rxc5 a5 18. Rc3 a4 19. Bd3 Be4 20. Qc2 a3
21. Bxe4 dxe4 22. Nd2 axb2 23. Qxb2 Qe7 24. g3 h5 25. Rb1 Ra7 26. h4 Rea8
27. Nf1 Qf6 28. a3 Ne7 29. Rb3 b5 30. Rc1 Nd5 31. Qc2 Rxa3 32. Rxa3 Rxa3 33.
Qxe4 Ra2 34. Qg2 b4 35. Nh2 b3 36. Rb1 b2 37. f3 Nxe3 38. Qe2 Qxd4 39. Kh1
Ra1 {White resigns} 0-1

[Event "ICCopen2017"]
[Site "Internet Chess Club"]
[Date "2017.03.26"]
[Round "5"]
[White "Dewey"]
[Black "DaffyDuck"]
[Result "0-1"]
[ICCResult "White checkmated"]
[WhiteElo "1395"]
[BlackElo "1704"]
[Opening "King's Indian defense, 3.Nc3"]
[ECO "E61"]
[NIC "KI.80"]
[Time "19:52:39"]
[TimeControl "180+0"]

1. d4 Nf6 2. c4 g6 3. Nc3 Bg7 4. e3 d6 5. Bd3 O-O 6. Nge2 e5 7. d5 Nbd7 8.
e4 a5 9. b3 Nc5 10. Bb2 Nh5 11. O-O f5 12. f3 f4 13. a3 g5 14. b4 Nd7 15. c5
dxc5 16. bxc5 Nxc5 17. Nb5 Rf6 18. Bc4 Rb6 19. a4 Kh8 20. Ba3 Bf8 21. Rb1
Nf6 22. Qc2 Bd6 23. Nec3 g4 24. Nxd6 cxd6 25. Rxb6 Qxb6 26. Rb1 Qd8 27. Bb5
gxf3 28. gxf3 Bh3 29. Kh1 Qe7 30. Rg1 Rg8 31. Rxg8+ Nxg8 32. Bxc5 dxc5 33.
Qf2 Qg5 34. Qg1 Qh5 35. Qf2 Nf6 36. Bf1 Bd7 37. Nb5 Bxb5 38. axb5 Ne8 39.
Be2 Nd6 40. Qxc5 Qg6 41. Qb6 Kg7 42. Qc7+ Kh6 43. Qd7 Nxe4 44. Qh3+ Kg7 45.
Qd7+ Kh6 46. Qh3+ Kg7 47. Qd7+ Kh6 48. Bd3 Nf2# {White checkmated} 0-1

[Event "ICCopen2017"]
[Site "Internet Chess Club"]
[Date "2017.03.26"]
[Round "5"]
[White "KnightWalker"]
[Black "ShiningArmor"]
[Result "0-1"]
[ICCResult "White forfeits on time"]
[WhiteElo "1347"]
[BlackElo "1535"]
[Opening "Scandinavian (center counter) defense"]
[ECO "B01"]
[NIC "SD.02"]
[Time "19:52:02"]
[TimeControl "180+0"]

1. e4 d5 2. exd5 Qxd5 3. Nc3 Qe6+ 4. Qe2 Qg6 5. Nf3 Nc6 6. d4 Bg4 7. Be3 Nb4
8. O-O-O a6 9. a3 Nc6 10. h3 Bd7 11. Ne5 Nxe5 12. dxe5 O-O-O 13. g4 f6 14.
Bd4 Qf7 15. Bg2 Be6 16. f4 g6 17. Rhf1 f5 18. g5 h6 19. Qf3 c6 20. Bb6 Rxd1+
21. Rxd1 Bd7 22. Qd3 e6 23. Na4 Qe8 24. Nc5 Bxc5 25. Bxc5 Ne7 26. Qd6 Qd8
27. Qxe7 Qxe7 28. Bxe7 hxg5 29. Bxg5 Kc7 30. Rd6 Re8 31. c4 b6 32. b4 a5 33.
c5 bxc5 34. bxc5 Rb8 35. Kc2 Rb5 36. h4 Rxc5+ 37. Kd2 Rb5 38. h5 Rb2+ 39.
Kc3 Rxg2 40. hxg6 Rh2 41. g7 Rh3+ 42. Kc4 Rh2 43. g8=Q Rc2+ 44. Kb3 Rc1 45.
Qf7 Rb1+ 46. Ka2 Kb6 47. Qxd7 Rc1 48. Qd8+ Kc5 49. Be7 Rc2+ 50. Kb1 Rc1+
{White forfeits on time}
0-1

[Event "ICCopen2017"]
[Site "Internet Chess Club"]
[Date "2017.03.26"]
[Round "5"]
[White "Monterrey"]
[Black "GreyWarden"]
[Result "1-0"]
[ICCResult "Black checkmated"]
[WhiteElo "1656"]
[BlackElo "1977"]
[Opening "King's Indian: orthodox, Aronin-Taimanov, bayonet attack"]
[ECO "E97"]
[NIC "KI.05"]
[Time "19:52:19"]
[TimeControl "180+0"]

1. d4 Nf6 2. c4 g6 3. Nc3 Bg7 4. e4 d6 5. Nf3 O-O 6. Be2 e5 7. O-O Nc6 8. d5
Ne7 9. b4 Nh5 10. Re1 Nf4 11. Bf1 a5 12. Ba3 axb4 13. Bxb4 Bg4 14. h3 Bxf3
15. Qxf3 c5 16. dxc6 Nxc6 17. a3 f5 18. exf5 Rxf5 19. Qd1 Nd4 20. Ne4 d5 21.
Nd6 Rg5 22. Kh2 Qd7 23. cxd5 Rf8 24. Ne4 Rh5 25. Bxf8 Bxf8 26. Nf6+ Kf7 27.
Nxd7 Bd6 28. Nxe5+ Rxe5 29. Rxe5 Bxe5 30. Rb1 Nxd5+ 31. g3 b6 32. Bg2 Nc3
33. Qe1 Nxb1 34. Qxe5 Nc2 35. Qc7+ Kf6 36. Qxc2 Nxa3 37. Qb2+ Kf7 38. Qxa3
h5 39. Qb4 h4 40. Qxb6 hxg3+ 41. Kxg3 g5 42. Kg4 Kg7 43. Kxg5 Kf8 44. Bd5
Ke8 45. Qb7 Kd8 46. Kf6 Ke8 47. Qe7# {Black checkmated} 1-0

[Event "ICCopen2017"]
[Site "Internet Chess Club"]
[Date "2017.03.26"]
[Round "5"]
[White "JUGGERNOT"]
[Black "hecan58"]
[Result "0-1"]
[ICCResult "White checkmated"]
[WhiteElo "1835"]
[BlackElo "1603"]
[Opening "Bird's opening"]
[ECO "A02"]
[NIC "VO.07"]
[Time "19:51:33"]
[TimeControl "180+0"]

1. f4 d6 2. Nf3 g6 3. e4 Bg7 4. Bc4 c6 5. O-O Nf6 6. d3 O-O 7. Bb3 a5 8. a4
Nbd7 9. c3 Nc5 10. Bc2 Qc7 11. h3 e5 12. fxe5 dxe5 13. Be3 Ne6 14. Qd2 Nh5
15. Na3 Nhf4 16. Kh2 f5 17. g3 Nh5 18. exf5 gxf5 19. Bh6 e4 20. Bxg7 Qxg3+
21. Kh1 Qxh3+ 22. Nh2 Ng3+ 23. Kg1 Nxf1 24. Rxf1 Nxg7 25. dxe4 Be6 26. Qg5
fxe4 27. Bxe4 Rxf1+ 28. Nxf1 Rf8 29. Bg2 Qf5 30. Qe3 Qf4 31. Qe2 Bd5 32. Nc2
Bc4 33. Qe1 Nf5 34. Nd4 Nxd4 35. cxd4 Qxd4+ 36. Kh2 Bxf1 37. Bxf1 Qf4+ 38.
Kg1 Rf7 39. Qe8+ Kg7 40. Bg2 Qf2+ 41. Kh2 Qh4+ 42. Kg1 Qd4+ 43. Kh2 Qd6+ 44.
Kg1 Qd1+ 45. Kh2 Qh5+ 46. Kg1 Rf1+ 47. Kxf1 Qxe8 48. Bf3 Qe5 49. Kf2 Qxb2+
50. Kg3 Qb4 51. Kf2 Qxa4 52. Kg3 Qb4 53. Kf2 Qb3 54. Kg3 Qxf3+ 55. Kxf3 a4
56. Ke3 a3 57. Kd4 a2 58. Kc5 a1=Q 59. Kb6 Qa4 60. Kc7 Qb5 61. Kd6 c5 62.
Kc7 c4 63. Kd6 c3 64. Ke6 c2 65. Kd6 c1=Q 66. Ke6 Qc3 67. Kd6 Qbd3+ 68. Ke6
Qe1# {White checkmated} 0-1

[Event "ICCopen2017"]
[Site "Internet Chess Club"]
[Date "2017.03.26"]
[Round "5"]
[White "garompon"]
[Black "jefferyx"]
[Result "0-1"]
[ICCResult "White forfeits on time"]
[WhiteElo "2602"]
[BlackElo "2791"]
[Opening "Sicilian: Najdorf, 6.f4"]
[ECO "B93"]
[NIC "SI.12"]
[Time "19:51:43"]
[TimeControl "180+0"]

1. e4 c5 2. Nf3 d6 3. d4 Nf6 4. Nc3 cxd4 5. Nxd4 a6 6. f4 Qc7 7. Qf3 e5 8.
Nf5 Be6 9. Bd3 Nbd7 10. g4 g6 11. g5 Nh5 12. Ng3 Nxf4 13. Bxf4 exf4 14. Qxf4
Bg7 15. Nge2 h6 16. gxh6 Bxh6 17. Qf2 Ne5 18. Nd4 Qc5 19. Nxe6 Qxf2+ 20.
Kxf2 fxe6 21. Ke2 Ke7 22. Raf1 Raf8 23. Nd1 Bf4 24. h3 g5 25. Nf2 Rh4 26.
Ng4 Nxg4 27. hxg4 Rxg4 28. Rfg1 Rxg1 29. Rxg1 Rh8 30. Rg2 Rh3 31. a4 Kf6 32.
b3 Ke5 33. Rf2 Kd4 34. Rf3 Rh2+ 35. Rf2 Rh3 36. Rf3 Rh1 37. Rf1 Rh8 38. Kf3
Rh3+ 39. Ke2 e5 40. Rf3 Rh8 41. Rf1 g4 42. Rg1 Rh2+ 43. Kf1 Rh4 44. Kg2 Ke3
45. Re1+ Kd2 46. Rh1 Rxh1 47. Kxh1 Ke3 48. Kg2 Kd2 49. b4 Kc3 50. b5 a5 51.
Be2 Kb4 52. Bxg4 Kxa4 53. b6 Kb4 54. Be6 Kb5 55. Kf3 Kxb6 56. Ke2 Kc5 57.
Kd3 b5 58. c3 b4 59. cxb4+ Kxb4 60. Bd5 a4 61. Kc2 Be3 62. Kb2 Bd4+ 63. Ka2
Bc5 64. Kb1 Kc3 65. Ka2 Bb4 66. Kb1 Bc5 67. Ka2 Kb4 68. Kb1 Ka3 69. Ka1 Bd4+
70. Kb1 Bc3 71. Bc4 Kb4 72. Bd5 Kc5 73. Be6 Kb4 74. Bd5 Ka3 75. Kc2 Bb4 76.
Kb1 Bc5 77. Bc4 Kb4 78. Bd5 Bb6 79. Be6 Ba5 80. Bd5 Bb6 81. Be6 Bd4 82. Bd5
Bc3 83. Be6 Kc5 84. Bd5 Bb4 85. Kb2 Kd4 86. Ka2 Kc3 87. Kb1 Bc5 88. Be6 Kb4
89. Bd5 Bd4 90. Be6 Bc5 91. Bd5 Kc3 92. Ka2 Bb4 93. Be6 Kd4 94. Bd5 Kc5 95.
Be6 a3 96. Bd5 Kd4 97. Kb1 Kc3 98. Ka2 Kd3 99. Kb1 Kc3 100. Ka2 Kc2 101. Ka1
Bc3+ 102. Ka2 Bb2 103. Bc4 Kc3 104. Bd5 Kd4 {White forfeits on time} 0-1

[Event "ICCopen2017"]
[Site "Internet Chess Club"]
[Date "2017.03.26"]
[Round "5"]
[White "wmanthony"]
[Black "starfiasch"]
[Result "0-1"]
[ICCResult "White forfeits on time"]
[WhiteElo "1341"]
[BlackElo "1543"]
[Opening "Queen's pawn"]
[ECO "A40"]
[NIC "QO.17"]
[Time "19:51:44"]
[TimeControl "180+0"]

1. d4 c6 2. Bf4 d5 3. e3 Nf6 4. Nc3 g6 5. Bd3 Bg7 6. Qd2 O-O 7. O-O-O Nbd7
8. Nge2 b5 9. a3 a5 10. Na2 Qb6 11. Bg3 b4 12. axb4 axb4 13. Qxb4 Rxa2 14.
Qxb6 Nxb6 15. b3 Ne4 16. Bxe4 dxe4 17. Kd2 Be6 18. Rb1 Nd5 19. Rhc1 Rb8 20.
Nc3 Rb7 21. Nxa2 c5 22. dxc5 Bf6 23. c4 Nb4 24. Nxb4 Rxb4 25. Ra1 Bxa1 26.
Rxa1 Rxb3 27. c6 Rb2+ 28. Kc3 Rb8 29. Bxb8 f5 30. Bg3 Kf7 31. Ra8 g5 32. c7
h5 33. c8=Q Bxc8 34. Rxc8 h4 35. Be5 Ke6 36. Bd4 f4 37. Rc5 Kf7 38. Rxg5 f3
{White forfeits on time}
0-1

[Event "ICCopen2017"]
[Site "Internet Chess Club"]
[Date "2017.03.26"]
[Round "5"]
[White "EngHany"]
[Black "FiveCardDraw"]
[Result "1-0"]
[ICCResult "Black checkmated"]
[WhiteElo "1846"]
[BlackElo "1525"]
[Opening "QGD Slav defense"]
[ECO "D10"]
[NIC "SL.01"]
[Time "19:51:48"]
[TimeControl "180+0"]

1. d4 d5 2. c4 c6 3. Nc3 Nf6 4. e3 a6 5. Nf3 Nbd7 6. a4 e6 7. c5 Be7 8. b4
O-O 9. Bd2 Qc7 10. Bd3 e5 11. Bf5 e4 12. Bxd7 exf3 13. Bxc8 fxg2 14. Rg1
Qxh2 15. Ke2 Raxc8 16. f3 Nh5 17. Kd3 Ng3 18. Qe1 Nf1 19. Qf2 Bh4 20. Qxg2
Qxg2 21. Rxg2 Ng3 22. Rh2 Bf6 23. e4 dxe4+ 24. fxe4 g6 25. Bf4 Nh5 26. Bd6
Rfe8 27. Rf1 Be7 28. e5 Bxd6 29. cxd6 Rcd8 30. Ne4 Kg7 31. Rxh5 gxh5 32. Rf5
Kg6 33. Rg5+ Kh6 34. Rf5 Kg6 35. Rf6+ Kg7 36. Nc5 b5 37. a5 h4 38. Ne4 h3
39. Rf3 Kg6 40. Rg3+ Kf5 41. Rxh3 Rh8 42. Rh5+ Kg6 43. Rg5+ Kh6 44. Rf5 Kg6
45. Rf6+ Kh5 46. Rxf7 h6 47. e6 Kg4 48. e7 Rde8 49. Nf6+ Kg3 50. Nxe8 h5 51.
Nf6 h4 52. Rg7+ Kh2 53. d7 h3 54. e8=Q Rxe8 55. dxe8=Q Kh1 56. Qe1+ Kh2 57.
Qg1# {Black checkmated} 1-0

[Event "ICCopen2017"]
[Site "Internet Chess Club"]
[Date "2017.03.26"]
[Round "5"]
[White "ehkopean"]
[Black "ElMarginal"]
[Result "0-1"]
[ICCResult "White resigns"]
[WhiteElo "1696"]
[BlackElo "1426"]
[Opening "KP: Nimzovich defense"]
[ECO "B00"]
[NIC "VO.05"]
[Time "19:54:28"]
[TimeControl "180+0"]

1. e4 Nc6 2. Nf3 Nf6 3. Nc3 d5 4. exd5 Nxd5 5. d4 Bf5 6. a3 e6 7. Bc4 Be7 8.
O-O O-O 9. Nxd5 exd5 10. Bd3 Bg4 11. c3 Kh8 12. h3 Bh5 13. Bf4 f5 14. Be2
Bd6 15. Ne5 Bxe2 16. Qxe2 Nxe5 17. Bxe5 Bxe5 18. Qxe5 c6 19. Rae1 Qb6 20.
Re2 h6 21. Rfe1 Rae8 22. Qd6 Rd8 23. Qg6 c5 24. dxc5 Qxg6 {White resigns}
0-1

[Event "ICCopen2017"]
[Site "Internet Chess Club"]
[Date "2017.03.26"]
[Round "5"]
[White "FytinFrank"]
[Black "Fighterman"]
[Result "1/2-1/2"]
[ICCResult "Game drawn by repetition"]
[WhiteElo "1937"]
[BlackElo "2444"]
[Opening "Sicilian: Grand Prix attack, Schofman variation"]
[ECO "B23"]
[NIC "SI.44"]
[Time "19:53:12"]
[TimeControl "180+0"]

1. e4 c5 2. Nc3 Nc6 3. f4 g6 4. Nf3 Bg7 5. Bc4 e6 6. f5 Nge7 7. fxe6 dxe6 8.
d3 a6 9. a4 Nd4 10. O-O O-O 11. Nxd4 cxd4 12. Ne2 Nc6 13. Qe1 Bd7 14. Qg3
Rc8 15. Bg5 Qb6 16. Qh4 Ne5 17. Bb3 a5 18. Be7 Nxd3 19. Bxf8 Rxf8 20. Bxe6
Bxe6 21. cxd3 Qxb2 22. Nf4 Bb3 23. Rab1 Qa3 24. Rf2 Qxa4 25. Rfb2 Bc2 26.
Rc1 Bb3 27. Rcb1 Bc2 28. Rc1 Bb3 29. Rcb1 {Game drawn by repetition} 1/2-1/2

[Event "ICCopen2017"]
[Site "Internet Chess Club"]
[Date "2017.03.26"]
[Round "5"]
[White "shredded"]
[Black "alan2015"]
[Result "1-0"]
[ICCResult "Black forfeits on time"]
[WhiteElo "2709"]
[BlackElo "1586"]
[Opening "Ruy Lopez: Treybal (Bayreuth) variation (exchange var. deferred)"]
[ECO "C77"]
[NIC "RL.12"]
[Time "19:51:41"]
[TimeControl "180+0"]

1. e4 e5 2. Nf3 Nc6 3. Bb5 a6 4. Ba4 Nf6 5. Bxc6 dxc6 6. d3 Bd6 7. h3 O-O 8.
O-O h6 9. Nbd2 Be6 10. a4 b5 11. Re1 Qd7 12. Nf1 c5 13. Ne3 c6 14. Bd2 Qc7
15. b3 Nd7 16. Nh4 Rfe8 17. Nhf5 Bf8 18. Qh5 Nf6 19. Qh4 Qd8 20. axb5 cxb5
21. Ba5 Qd7 22. Nxh6+ gxh6 23. Qxf6 Bg7 24. Qf3 b4 25. Nc4 Bxc4 26. dxc4 Rf8
27. Rad1 Qe6 28. g4 Ra7 29. Qf5 Qc6 30. Rd5 Re7 31. Red1 Re6 32. Kg2 Rf6 33.
Qd7 Qxd7 34. Rxd7 Rc8 35. h4 Kh7 36. f3 Kg6 37. R1d5 Rf4 38. h5+ Kg5 39.
Bd8+ Bf6 40. Rxe5+ Kh4 41. Bxf6+ Rxf6 42. Ree7 a5 43. Rxf7 Rxf7 44. Rxf7 Rd8
45. e5 Rd2+ 46. Kf1 Rxc2 47. e6 a4 48. e7 axb3 49. e8=Q b2 50. Qe1+ Kh3 51.
Rd7 Rc1 52. Rd1 b1=Q 53. Rxc1 Qd3+ 54. Kg1 Qxf3 55. Qf2 {Black forfeits on
time} 1-0

[Event "ICCopen2017"]
[Site "Internet Chess Club"]
[Date "2017.03.26"]
[Round "5"]
[White "KH"]
[Black "Wage-slave"]
[Result "1-0"]
[ICCResult "Black resigns"]
[WhiteElo "2089"]
[BlackElo "1762"]
[Opening "Bird's opening"]
[ECO "A02"]
[NIC "VO.07"]
[Time "19:52:06"]
[TimeControl "180+0"]

1. f4 d6 2. Nf3 Nf6 3. d4 g6 4. e3 Bg7 5. Bc4 e6 6. O-O Nbd7 7. Nbd2 a5 8.
c3 O-O 9. Qe1 Nb6 10. Bb3 a4 11. Bc2 Nbd7 12. Qd1 b5 13. e4 Bb7 14. Qe2 Re8
15. Re1 Nf8 16. Qxb5 Qc8 17. Qe2 Bc6 18. Qf2 Ng4 19. Qg3 f5 20. h3 Nh6 21.
e5 Qb7 22. exd6 cxd6 23. Nc4 Rad8 24. Na5 Qa8 25. Nxc6 Qxc6 26. Qf2 a3 27.
Bb3 Nf7 28. Qd2 h6 29. bxa3 Kh7 30. Bb2 Re7 31. Kh2 Rde8 32. a4 Bf6 33. c4
Qb7 34. a5 Kg7 35. Rab1 Qc6 36. d5 exd5 37. Bxf6+ Kxf6 38. Qd4+ Ne5 39.
fxe5+ dxe5 40. Qxd5 Qxd5 41. cxd5 Rd8 42. Rbd1 Nd7 43. Nd2 Nc5 44. Nc4 h5
45. d6 Ree8 46. Rd5 Ne4 47. Bc2 Ng5 48. Nxe5 Nf7 49. Nd3 Rxe1 50. Nxe1 Nxd6
51. Nf3 Ke6 52. Bb3 Ke7 53. a6 Ne4 54. Rxd8 Kxd8 55. a7 Kc7 56. a8=Q
{Black resigns}
1-0

[Event "ICCopen2017"]
[Site "Internet Chess Club"]
[Date "2017.03.26"]
[Round "5"]
[White "A4-H5"]
[Black "CristianS"]
[Result "0-1"]
[ICCResult "White checkmated"]
[WhiteElo "1779"]
[BlackElo "2065"]
[Opening "English opening"]
[ECO "A16"]
[NIC "EO.64"]
[Time "19:52:04"]
[TimeControl "180+0"]

1. c4 Nf6 2. Nc3 g6 3. e4 d6 4. d3 Bg7 5. f4 O-O 6. Nf3 c5 7. Be2 Nc6 8. O-O
a6 9. Rb1 Rb8 10. a4 Ne8 11. Be3 Nc7 12. Qe1 Ne6 13. f5 Ned4 14. fxg6 fxg6
15. Nd5 e6 16. Nf4 Nc2 17. Qd2 Nxe3 18. Qxe3 Nd4 19. Kh1 Rxf4 20. Qxf4 Nxe2
21. Qe3 Nd4 22. Ng5 Bd7 23. Rf2 Bh6 24. h4 Qe7 25. Rbf1 Rf8 26. b3 Rxf2 27.
Qxf2 Bxg5 28. hxg5 Be8 29. Qf4 Bf7 30. Kh2 Nc6 31. Kg3 Ne5 32. Qe3 Qd8 33.
Rf6 Qb6 34. Rf2 Qxb3 35. Rd2 Qb1 36. Kh3 Qh1+ 37. Kg3 Qh5 38. Kf2 Ng4+ 39.
Ke2 Nxe3+ 40. Kxe3 Qxg5+ 41. Ke2 Qxg2+ 42. Kd1 Qf1+ 43. Kc2 h5 44. Rh2 Qf4
45. Re2 h4 46. Kd1 h3 47. Ke1 h2 48. Rf2 h1=Q+ 49. Ke2 Qg4+ 50. Kd2 Qgd1+
51. Kc3 Qa1+ 52. Rb2 Qhc1+ 53. Kb3 Qaxb2# {White checkmated} 0-1